 Dungeon Crawl Stone Soup version 0.29-a0-451-gfbfa424 (webtiles) character file.

Game seed: 5524726300761502991

1775 Toastz the Grappler (level 8, -9/68 HPs)
             Began as a Green Draconian Transmuter on May 19, 2022.
             Mangled by an ogre
             ... wielding a +0 giant club
              (35 damage)
             ... on level 5 of the Dungeon.
             The game lasted 00:14:02 (6074 turns).

Toastz the Grappler (Green Draconian Transmuter)    Turns: 6074, Time: 00:14:03

Health: -9/68      AC:  6    Str: 15    XL:     8   Next: 80%
Magic:  11/11      EV: 12    Int: 14    God:
Gold:   335        SH:  0    Dex: 11    Spells: 5/11 levels left

rFire   . . .      SeeInvis .     - Unarmed
rCold   . . .      Faith    .   (no shield)
rNeg    . . .      Spirit   .   (body armour unavailable)
rPois   +          Reflect  .   (helmet restricted)
rElec   .          Harm     .   (no cloak)
rCorr   .          Rampage  .   (no gloves)
Will    .....                   (no boots)
Stlth   +.........              q - amulet of the acrobat
HPRegen 0.21/turn               (no ring)
MPRegen 0.12/turn               (no ring)

@: no status effects
A: breathe noxious fumes, AC +6, unfitting armour, poison resistance,
cold-blooded
a: Breathe Noxious Fumes


You were on level 5 of the Dungeon.
You visited 1 branch of the dungeon, and saw 6 of its levels.

You collected 335 gold pieces.

Inventory:

Missiles
 d - 145 stones (quivered)
 g - 3 atropa-tipped darts
 i - 15 poisoned darts
 u - 3 boomerangs
Jewellery
 q - an amulet of the acrobat (around neck)
Wands
 a - a wand of flame (17)
 v - a wand of acid (8)
Scrolls
 c - 2 scrolls of fear
 e - 2 scrolls of immolation
 f - a scroll of blinking {unknown}
 h - 2 scrolls of poison {unknown}
 j - 7 scrolls of teleportation
 l - a scroll of fog {unknown}
 p - a scroll of acquirement {unknown}
 r - a scroll of enchant weapon {unknown}
 s - 2 scrolls of magic mapping {unknown}
 t - a scroll of summoning {unknown}
 y - a scroll of enchant armour {unknown}
Potions
 m - a potion of ambrosia {unknown}
 n - a potion of heal wounds {unknown}
 o - 2 potions of attraction
 w - a potion of haste
 x - a potion of cancellation {unknown}


   Skills:
 - Level 5.0 Fighting
 - Level 1.7 Dodging
 * Level 9.9 Unarmed Combat
 - Level 2.0 Spellcasting
 - Level 4.0 Transmutations
 - Level 3.0 Poison Magic


You had 5 spell levels left.
You knew the following spells:

 Your Spells              Type           Power      Damage    Failure   Level
a - Beastly Appendage     Tmut           24%        N/A       4%          1
b - Wereblood             Tmut           12%        N/A       7%          2
c - Spider Form           Tmut/Pois      11%        N/A       17%         3

Your spell library contained the following spells:

 Spells                   Type           Power      Damage    Failure   Level
 Magic Dart               Conj           4%         1d3       24%         1
 Call Imp                 Summ           1%         N/A       34%         2
 Mephitic Cloud           Conj/Pois/Air  4%         N/A       43%         3
 Dazzling Flash           Conj/Hex       2%         N/A       56%         3
 Inner Flame              Hex/Fire       1%         N/A       56%         3
 Portal Projectile        Hex/Tloc       2%         N/A       56%         3
 Tukima's Dance           Hex            1%         N/A       56%         3
 Ice Form                 Ice/Tmut       7%         N/A       71%         4
 Blade Hands              Tmut           6%         N/A       77%         5
 Cause Fear               Hex            0%         N/A       93%         4
 Agony                    Necr           1%         N/A       100%        5
 Silence                  Hex/Air        0%         N/A       100%        5
 Discord                  Hex            0%         N/A       100%        8


Dungeon Overview and Level Annotations

Branches:
Dungeon (6/15)
 Temple: D:4-7

Altars:

Shops:
D:4 [

Annotations:
D:4 Natasha


Innate Abilities, Weirdness & Mutations

You can breathe blasts of noxious fumes.
Your lurid green scales are hard. (AC +6)
You cannot fit into any form of body armour.
Your system is resistant to poisons. (rPois)
You are cold-blooded and may be slowed by cold attacks.


Message History

You closely miss the gnoll. Your kick misses the gnoll.
You punch the gnoll, but do no damage.
The gnoll is severely wounded.
The orc hits you with a +0 hand axe. The gnoll hits you but does no damage.
You hit the gnoll.
You kill the gnoll!
The orc hits you but does no damage. The ogre completely misses you.
The gnoll shouts!
You hit the orc but do no damage. Your kick misses the orc.
You tail-slap the orc.
The orc is severely wounded.
An orc comes into view. It is wielding a +0 hand axe.
The orc closely misses you. The ogre attacks as you move away!
The ogre closely misses you.
Your transformation is almost over.
The orc attacks as you move away! The orc completely misses you.
The orc shouts!
The orc attacks as you move away! The orc hits you with a +0 hand axe.
The orc throws a boomerang.
The boomerang misses you.
There is a stone staircase leading up here.
The ogre hits you with a +0 giant club!
You climb upwards.
There is a stone staircase leading down here.
You closely miss the orc. Your kick misses the orc.
The orc is severely wounded.
The orc hits you with a +0 hand axe.
You punch the ogre! You punch the ogre.
The ogre is heavily wounded.
The ogre hits you with a +0 giant club!!
The orc closely misses you.
Your horns disappear.
Your talons disappear.
The orc completely misses you.
Aiming: Breathe Noxious Fumes (4% risk of failure)
Press: ? - help, Shift-Dir - straight line, f - orc
Aim: an orc, wielding a +0 hand axe (severely wounded, 59% to hit)
You fail to use your ability.
The ogre hits you with a +0 giant club!!
Ouch! That really hurt!
You die...

########## #........#
#.######.# #.######.#
#.#......# #.#.######
#@#.#.#####
################O#.#.....#
................o#.#.###.#
................##.#.# #.#
###############.##.#.# #.#
...#..........#....#.###.#
##.#.########.#..)....##.#
##+#.# #.#.########.#
..[..# #.#.# #.#


You could see an ogre and an orc.

Vanquished Creatures
  Grinder (D:4)
  Menkaure (D:4)
  Edmund (D:5)
  An ice beast (D:5)
  An ogre (D:5)
  3 phantoms
  A bullfrog (D:5)
  A necrophage (D:6)
  3 scorpions
  A howler monkey (D:5)
  A jelly (D:5)
  2 orc priests (D:5)
  A hound (D:5)
  Natasha (twice) (D:4)
  4 iguanas (D:5)
  3 orc wizards (D:5)
  A gnoll (D:6)
  14 adders
  5 worms
  3 dart slugs
  10 orcs
  6 ball pythons
  10 endoplasms
  3 giant cockroaches
  12 hobgoblins
  5 jackals
  7 quokkas
  7 bats
  8 frilled lizards
  6 goblins
  8 kobolds
  6 rats
138 creatures vanquished.

Notes
Turn   | Place    | Note
-------+----------+-------------------------------------------
     0 | D:1      | Toastz the Draconian Transmuter began the quest for the
                  | Orb.
     0 | D:1      | Reached XP level 1. HP: 16/16 MP: 3/3
   132 | D:1      | Reached XP level 2. HP: 23/23 MP: 3/5
   741 | D:1      | Reached XP level 3. HP: 27/29 MP: 4/6
   827 | D:1      | Learned a level 2 spell: Wereblood
  1176 | D:2      | Reached skill level 4 in Unarmed Combat
  1568 | D:2      | Reached XP level 4. HP: 36/36 MP: 5/7
  2325 | D:3      | Reached XP level 5. HP: 26/42 MP: 8/8
  3002 | D:4      | Noticed Natasha
  3005 | D:4      | Noticed Menkaure
  3128 | D:4      | Reached skill level 5 in Unarmed Combat
  3188 | D:4      | Noticed Grinder
  3195 | D:4      | Paralysed by Grinder for 2 turns
  3203 | D:4      | Paralysed by Grinder for 4 turns
  3217 | D:4      | Killed Grinder
  3218 | D:4      | Reached skill level 6 in Unarmed Combat
  3218 | D:4      | Reached XP level 6. HP: 36/51 MP: 9/9
  3460 | D:4      | Killed Natasha
  3558 | D:4      | Noticed Natasha
  3576 | D:4      | Killed Natasha
  3588 | D:4      | Reached skill level 7 in Unarmed Combat
  3588 | D:4      | Your scales start taking on a lurid green colour.
  3588 | D:4      | Reached XP level 7. HP: 46/57 MP: 7/10
  3588 | D:4      | Gained mutation: Your system is resistant to poisons.
                  | (rPois) [Green Draconian growth]
  3643 | D:4      | Learned a level 3 spell: Spider Form
  3831 | D:4      | Found Naeto's Antique Armour Boutique.
  4214 | D:4      | Killed Menkaure
  4215 | D:4      | Reached skill level 1 in Poison Magic
  4420 | D:4      | Noticed Natasha
  4478 | D:5      | Entered Level 5 of the Dungeon
  4694 | D:5      | Reached skill level 8 in Unarmed Combat
  4785 | D:5      | Noticed Edmund
  4807 | D:5      | Killed Edmund
  4808 | D:5      | Reached XP level 8. HP: 20/66 MP: 11/11
  5639 | D:5      | Reached skill level 9 in Unarmed Combat
  5870 | D:5      | Reached skill level 5 in Fighting
  6074 | D:5      | Mangled by an ogre

Illustrated notes

Levels and vault maps discovered:
D:1:      psy_arrival_statuary, layout_rooms
D:2:      layout_basic, minmay_lizard_pond
D:3:      layout_basic, chequers_serial_rivers_small_3
D:4:      layout_basic, serial_shops, nicolae_square_shop, uniq_menkaure,
          uniq_natasha, uniq_grinder
D:5:      layout_basic, corexii_leaking_fountain, nicolae_figureground_pulse,
          uniq_edmund
D:6:      layout_cave_pools

Skill      XL: |  1  2  3  4  5  6  7  8 |
---------------+-------------------------+-----
Fighting       | 2 3 4 5 |  5.0
Unarmed Combat | 4 6 7 8 9 |  9.9
Transmutations | 3 4 |  4.0
Poison Magic   | 3 |  3.0
Dodging        | |  1.7
Spellcasting   | |  2.0

Action                   |  1- 3 |  4- 6 |  7- 9 || total
-------------------------+-------+-------+-------++-------
Melee: Unarmed           |   121 |   139 |   141 ||   401
       Headbutt          |    19 |    24 |    32 ||    75
       Kick              |    18 |    26 |    41 ||    85
       Tailslap          |    11 |    11 |    19 ||    41
       Punch             |       |     1 |     8 ||     9
Throw: Stone             |    27 |    35 |     7 ||    69
 Cast: Beastly Appendage |    29 |    25 |    26 ||    80
       Wereblood         |     3 |     3 |     2 ||     8
       Spider Form       |       |       |     1 ||     1
 Abil: Breathe Noxious F |       |       |     7 ||     7
  Use: Potion            |       |     1 |       ||     1
       Scroll            |       |       |     6 ||     6
 Stab: Sleeping          |       |       |     1 ||     1
       Confused          |       |       |     4 ||     4
Armor: Skin              |    50 |    36 |    25 ||   111
Dodge: Dodged            |    95 |    76 |    95 ||   266

Table legend: (Time is in decaauts)
 A = Elapsed time spent in this place.
 B = Non-inter-level travel time spent in this place.
 C = Inter-level travel time spent in this place.
 D = Time resting spent in this place.
 E = Time spent auto-exploring this place.
 F = Levels seen in this place.
 G = Mean time per level.
                   A        B        C        D        E       F      G
               +--------+--------+--------+--------+--------+-----+--------+
         Total |   6044 |   5803 |    241 |   1042 |   3659 |   6 | 1007.3 |
       Dungeon |   6044 |   5803 |    241 |   1042 |   3659 |   6 | 1007.3 |
               +--------+--------+--------+--------+--------+-----+--------+

Top non-repeatable levels by time:
     D:4: 1554 daAuts
     D:3: 1330 daAuts
     D:5: 1326 daAuts
     D:1: 995 daAuts
     D:2: 770 daAuts
     D:6: 66 daAuts
